 Dungeon Crawl Stone Soup version 0.28.0-45-g0d030f2227 (webtiles) character file.

Game seed: 12401887583954685758

42 crimpus the Bolt Thrower (level 3, -2/30 HPs)
             Began as a Minotaur Hunter on Apr 18, 2022.
             Killed by nerve-wracking pain
             ... invoked by an orc priest
              (13 damage)
             ... on level 4 of the Dungeon.
             The game lasted 00:03:09 (1434 turns).

crimpus the Bolt Thrower (Minotaur Hunter)          Turns: 1434, Time: 00:03:10

Health: -2/30      AC:  9    Str: 14    XL:     3   Next: 33%
Magic:  1/1        EV:  9    Int:  8    God:
Gold:   60         SH:  0    Dex: 12    Spells: 2/2 levels left

rFire   . . .      SeeInvis .   a - +1 hand crossbow (freeze)
rCold   . . .      Faith    .   (no shield)
rNeg    . . .      Spirit   .   f - +0 scale mail
rPois   .          Reflect  .   (helmet restricted)
rElec   .          Harm     .   e - +0 cloak
rCorr   .          Rampage  .   (no gloves)
Will    .....                   (no boots)
Stlth   ..........              (no amulet)
HPRegen 0.10/turn               (no ring)
MPRegen 0.07/turn               (no ring)

@: confused
A: horns 2, retaliatory headbutt, iridescent scales 1, low MP 1, weak 1
a: no special abilities


You were on level 4 of the Dungeon.
You visited 1 branch of the dungeon, and saw 3 of its levels.

You collected 60 gold pieces.

Inventory:

Hand Weapons
 a - a +1 hand crossbow of freezing (weapon)
 b - a +0 short sword
Missiles
 d - a bolt (quivered ammo)
Armour
 e - a +0 cloak (worn)
 f - a +0 scale mail (worn)


   Skills:
 + Level 2.8 Fighting
 + Level 5.3 Crossbows
 + Level 1.0 Armour
 + Level 2.4 Dodging
 - Level 0.7 Stealth


You had 2 spell levels left.
You didn't know any spells.
Your spell library was empty.

Dungeon Overview and Level Annotations

Branches:
Dungeon (2/15)

Altars:


Innate Abilities, Weirdness & Mutations

You have a pair of horns on your head.
You reflexively headbutt those who attack you in melee.
You are partially covered in iridescent scales. (AC +2)
Your magical capacity is low. (-10% MP)
You are weak. (Str -2)


Message History

Something hits you but does no damage.
You shoot a bolt. The orc priest shouts!
The bolt hits the orc wizard.
The bolt freezes the orc wizard.
The orc wizard is heavily wounded.
The orc wizard barely misses you. Something hits you but does no damage.
The orc wizard hits you but does no damage.
You shoot a bolt.
You feel less confused. Something hits you but does no damage.
The orc wizard hits you but does no damage.
Nothing quivered!
Nothing quivered!
Nothing quivered!
Nothing quivered!
You hear some strange, mumbled words.
You are confused.
You clumsily bash the orc wizard but do no damage.
The orc wizard is heavily wounded.
The orc priest hits you with a +0 hand axe.
A worm comes into view.
Something hits you but does no damage.
You see here a bolt.
Unknown command.
Unknown command.
Unknown command.
Unknown command.
The orc priest hits you but does no damage.
You hear some strange, mumbled words.
You are more confused.
d - a bolt The orc priest hits you with a +0 hand axe.
You hear some strange, mumbled words.
A puff of flame appears from out of thin air!
The puff of flame hits you!
The orc wizard mumbles some strange words.
The orc wizard flickers and vanishes!
The orc priest mumbles some strange prayers to Beogh against you.
Pain shoots through your body!
You die...

#..(. #.... #...o #....
######### ... #....(..#
#'###(...(..#
#.(w(.......+
#.#####...{...#
#.......({o.@.#
#######.####### #.#
########.#################
.........................#
.#######.###############.#
#...............#.#
###############.#.# #.#.#


You could see a worm and an orc priest.

Vanquished Creatures
  2 worms (D:2)
  A dart slug (D:2)
  2 ball pythons
  4 endoplasms
  3 giant cockroaches
  2 goblins (D:1)
  2 hobgoblins
  4 jackals (D:2)
  2 quokkas
  2 frilled lizards (D:1)
  2 kobolds (D:1)
  4 rats
30 creatures vanquished.

Notes
Turn   | Place    | Note
-------+----------+-------------------------------------------
     0 | D:1      | crimpus the Minotaur Hunter began the quest for the Orb.
     0 | D:1      | Reached XP level 1. HP: 18/18 MP: 0/0
   322 | D:1      | Reached XP level 2. HP: 25/25 MP: 1/1
   438 | D:1      | Found a faded altar of an unknown god.
   439 | D:1      | Gained mutation: You are partially covered in iridescent
                  | scales. (AC +2) [potion of mutation]
   439 | D:1      | Gained mutation: Your magical capacity is low. (-10% MP)
                  | [potion of mutation]
   439 | D:1      | Gained mutation: You are weak. (Str -2) [potion of
                  | mutation]
   815 | D:2      | Reached skill level 5 in Crossbows
   880 | D:2      | Reached skill level 1 in Armour
  1110 | D:2      | Reached XP level 3. HP: 30/30 MP: 1/1
  1366 | D:2      | You fall into a shaft and drop 2 floors!
  1434 | D:4      | Killed from afar by an orc priest

Illustrated notes

Levels and vault maps discovered:
D:1:      heliophobic_arrival_ceremonial_halls, layout_basic,
          hellmonk_ecumenical_altar_zigzags
D:2:      layout_basic, minmay_quantized
D:4:      layout_basic, uniq_ijyb

Skill      XL: |  1  2 |
---------------+-------+-----
Crossbows      | 5 |  5.3
Armour         | 1 |  1.0
Fighting       | |  2.8
Dodging        | |  2.4
Stealth        | |  0.7

Action                   || total
-------------------------++-------
Melee: Hand crossbow     ||     1
 Fire: Hand crossbow     ||    80
  Use: Scroll            ||     3
       Potion            ||     1
Armor: Leather armour    ||     2
       Scale mail        ||    11
Dodge: Dodged            ||    21
